AoeStats
← El_Manu>CL<

Four Lakes

507866932Analyzed
1v1 RM · 12d ago on Sep 20, 2026· 41m 29s· 2 players
Game mode
Random Map
Map size
Tiny (2 player)
Population
200
Speed
Normal
Resources
Standard
Victory
Conquest
Starting age
Dark Age
Ending age
Imperial Age
RankedLock teamsTeams togetherTeam positionsShared explorationLock speedFull tech treeHidden civsTurbo modeCheats
Victory
Defeat
🇨🇱 Mongols · Chile
1012
+17
🇨🇴 Aztecs · Colombia
1028
-17
El_Manu>CL<
3:51 Loom
10:41 Feudal Age
12:34 Horse Collar
21:38 Castle Age
20:29 Fletching
21:55 Crossbowman
22:40 Thumb Ring
24:21 Wheelbarrow
24:14 Padded Archer Armor
24:27 Gold Mining
24:43 Double-Bit Axe
25:33 Bow Saw
26:19 Gold Shaft Mining
27:28 Hand Cart
28:06 Bodkin Arrow
28:27 Leather Archer Armor
29:08 Town Watch
32:21 Town Patrol
32:15 Stone Mining
33:12 Heavy Plow
34:51 Stone Shaft Mining
39:34 Imperial Age
37:46 Ballistics
40:27 Bracer
41:32 Chemistry
39:54 Arbalester
41:04 Conscription
shatarro
3:04 Loom
10:12 Feudal Age
11:33 Man-at-Arms
15:37 Scale Mail Armor
17:15 Forging
24:29 Castle Age
25:18 Gold Mining
25:45 Chain Mail Armor
25:08 Eagle Warrior
25:57 Fletching
26:02 Double-Bit Axe
26:58 Gold Shaft Mining
26:35 Squires
27:06 Chain Mail Armor
28:08 Bodkin Arrow
29:31 Wheelbarrow
32:18 Elite Skirmisher
33:11 Padded Archer Armor
38:38 Imperial Age
38:22 Leather Archer Armor
42:51 Chemistry
Connection lost

Rejoining the realm…

Still unreachable

The connection could not be restored.

Session expired

The server has moved on; the page needs a fresh start.